Workbook
Name _GoBack: Materiales!#REF!

Sheet Materiales
B1: INSTRUCCIONES Por favor, indique el nombre del Laboratorio sin abreviaturas en la celda AZUL REY. En las celdas AZUL CIELO indique el nombre del responsable técnico que tenga un proyecto vigente y con apoyo de Recursos fiscales 2027. En las columnas L y O (celdas amarillas) indique la cantidad de cada Material que requiera para el año 2027. Por favor agregue los materiales que vaya a utilizar y que no se encuentren en el listado a partir del renglón 745, agregando todas las especificaciones del producto. | L1: Categoria A | O1: Categoria B
A2: Renglón | B2: Clave (SIA) | C2: Material | D2: Presentación | E2: Marca | F2: Catálogo | G2: Año de Referencia | H2: Precio | I2: Cantidad Solicitada Global | J2: Importe Global | K2: Observaciones | L2: Cantidad Solicitada Categoria A | M2: Importe Categoria A | N2: Responsable Categoria A | O2: Cantidad Solicitada Categoria B | P2: Importe Categoria B | Q2: Responsable Categoria B | R2: Laboratorio
A3: 1 | B3: L1490433 | C3: PFA-Coated Tungsten Wire | D3: Carrete de 25 pies (7.5 m) | E3: A-M Systems | F3: 795500 | G3: 2020 | H3: 5719 | I3: =O3+L3 -> 0 | J3: =H3*I3 -> 0 | M3: =L3*H3 -> 0 | P3: =O3*H3 -> 0
A4: 2 | B4: L1491707 | C4: Aguja recta para disección con mango de plástico de 9.5 cm Catálogo Correcto: AE005 | D4: Paquete con 10 pzas | E4: AESA | F4: AE50093 | G4: 2026 | H4: 191 | I4: =O4+L4 -> 0 | J4: =H4*I4 -> 0 | M4: =L4*H4 -> 0 | P4: =O4*H4 -> 0
A5: 3 | B5: L1491320 | C5: Cesto de metal galvanizado con medidas de 25 x 25 x 15cm | D5: Pieza | E5: AESA | F5: AE009-D | G5: 2025 | H5: 557 | I5: =O5+L5 -> 0 | J5: =H5*I5 -> 0 | M5: =L5*H5 -> 0 | P5: =O5*H5 -> 0
A6: 4 | B6: L1490990 | C6: Cesto de metal galvanizado de 15 X 15 X 15 cm | D6: Pieza | E6: AESA | F6: AE009 | G6: 2023 | H6: 505 | I6: =O6+L6 -> 0 | J6: =H6*I6 -> 0 | M6: =L6*H6 -> 0 | P6: =O6*H6 -> 0
A7: 5 | B7: L1490991 | C7: Gradilla de alambre recubierta de vinilo 40 lugares de diametro:13 mm | D7: Pieza | E7: AESA | F7: AE018-3 | G7: 2023 | H7: 396 | I7: =O7+L7 -> 0 | J7: =H7*I7 -> 0 | M7: =L7*H7 -> 0 | P7: =O7*H7 -> 0
A8: 6 | B8: L1490992 | C8: Mechero Fisher | D8: Pieza | E8: AESA | F8: AE039 | G8: 2025 | H8: 926 | I8: =O8+L8 -> 0 | J8: =H8*I8 -> 0 | M8: =L8*H8 -> 0 | P8: =O8*H8 -> 0
A9: 7 | B9: L1490663 | C9: Adaptadores Bond Elut (Tapa adaptadora para cartuchos) de 3 ml | D9: Paquete con 15 pzas | E9: Agilent Technologies | F9: 12131001 | G9: 2021 | H9: 1984.89 | I9: =O9+L9 -> 0 | J9: =H9*I9 -> 0 | M9: =L9*H9 -> 0 | P9: =O9*H9 -> 0
A10: 8 | B10: L1491684 | C10: Aislante repelente, para espectrómetro de masas | D10: Pieza | E10: Agilent Technologies | F10: G1099-20133 | G10: 2026 | H10: 3211.77 | I10: =O10+L10 -> 0 | J10: =H10*I10 -> 0 | M10: =L10*H10 -> 0 | P10: =O10*H10 -> 0
A11: 9 | B11: L1490673 | C11: Cartucho vacio con capacidad de 12 ml | D11: Paquete con 100 pzas | E11: Agilent Technologies | F11: 12131010 | G11: 2021 | H11: 2966.98 | I11: =O11+L11 -> 0 | J11: =H11*I11 -> 0 | M11: =L11*H11 -> 0 | P11: =O11*H11 -> 0
A12: 10 | B12: L1489963 | C12: Cartuchos SPE, Caja con tapón C18, 50 tubos de 3 ml, 500 mg de extracción en fase sólida (SPE) SampliQ | D12: Paquete con 50 pzas | E12: Agilent Technologies | F12: 5982-1335 | G12: 2025 | H12: 4395.63 | I12: =O12+L12 -> 0 | J12: =H12*I12 -> 0 | M12: =L12*H12 -> 0 | P12: =O12*H12 -> 0
A13: 11 | B13: L1490944 | C13: Columna GC HP-5ms, 30 m, 0,25 mm, 0,25 µm, jaula de 7 pulgadas y Marca: agilent Technologies | D13: Pieza | E13: Agilent Technologies | F13: 19091S-433 | G13: 2024 | H13: 15006.17 | I13: =O13+L13 -> 0 | J13: =H13*I13 -> 0 | M13: =L13*H13 -> 0 | P13: =O13*H13 -> 0
A14: 12 | B14: L1491090 | C14: Columna GC J&W DB-5ms, 30 m, 0,25 mm, 0,25 µm, jaula de 7 pulgadas | D14: Pieza | E14: Agilent Technologies | F14: 122-5532 | G14: 2025 | H14: 18706.98 | I14: =O14+L14 -> 0 | J14: =H14*I14 -> 0 | M14: =L14*H14 -> 0 | P14: =O14*H14 -> 0
... A661: 659 | B661: L1491085 | C661: Gradilla para tubos de ensayo para tubos Unwire™ (6 x 12), de 13 mm, 72 pocillos, PP verde | D661: Paquete con 8 pzas | E661: Thermo Scientific™ Nalgene™ | F661: 5976-0413 | G661: 2023 | H661: 2120 | I661: =O661+L661 -> 0 | J661: =H661*I661 -> 0 | M661: =L661*H661 -> 0 | P661: =O661*H661 -> 0
A662: 660 | B662: L1490542 | C662: Matraces Nunc ™ tratamientos para cultivo celular con cuello recto y tapones con filtro 80 cm². Sterile | D662: Caja con 50 pzas | E662: Thermo Scientific™ Nunc™ | F662: 178905 | G662: 2025 | H662: 5084 | I662: =O662+L662 -> 0 | J662: =H662*I662 -> 0 | M662: =L662*H662 -> 0
A663: 661 | B663: L1490912 | C663: Pipeta serológica Nunc™ de 25 ml. Empaquetado individualmente, de papel / plástico pelado, tapado, estériles | D663: Paquete con 200 pzas | E663: Thermo Scientific™ Nunc™ | F663: 170357 | G663: 2025 | H663: 3691 | I663: =O663+L663 -> 0 | J663: =H663*I663 -> 0 | M663: =L663*H663 -> 0
A664: 662 | B664: L1490913 | C664: Pipeta serológica Nunc™ de 5 ml. Empaquetado individualmente, de papel / plástico pelado, tapado, estériles | D664: Paquete con 200 pzas | E664: Thermo Scientific™ Nunc™ | F664: 170355 | G664: 2025 | H664: 960 | I664: =O664+L664 -> 0 | J664: =H664*I664 -> 0 | M664: =L664*H664 -> 0
A665: 663 | B665: L1490732 | C665: Pipetas serológicas de 10 ml. Empaquetado individualmente, de papel / plástico pelado, tapado, estéril. | D665: Caja con 200 pzas | E665: Thermo Scientific™ Nunc™ | F665: 170356 | G665: 2025 | H665: 1343 | I665: =O665+L665 -> 0 | J665: =H665*I665 -> 0 | M665: =L665*H665 -> 0
A666: 664 | B666: L1490914 | C666: Mortero PTFE Thomas Glass para tejido, tipo pistón con eje de acero inoxidable y tubo de vidrio de capacidad de 4 mililitros, completamente esterilízale en autoclave. Tamaño AA | D666: Pieza | E666: Thomas® Scientific | F666: 3.43e+13 | G666: 2022 | H666: 3341 | I666: =O666+L666 -> 0 | J666: =H666*I666 -> 0 | M666: =L666*H666 -> 0
A667: 665 | B667: L1491719 | C667: Asa de inoculación UltraCruz ® , 10 µl, estéril | D667: Caja con 2000 pzas | E667: UltraCruz® | F667: sc-200265 | G667: 2026 | H667: 2503 | I667: =O667+L667 -> 0 | J667: =H667*I667 -> 0 | M667: =L667*H667 -> 0
A668: 666 | B668: L1491721 | C668: Filtro de jeringa UltraCruz® , PVDF, 0,22 µm, 30 mm | D668: Paquete de 30 pzas | E668: UltraCruz® | F668: sc-358812 | G668: 2026 | H668: 958 | I668: =O668+L668 -> 0 | J668: =H668*I668 -> 0 | M668: =L668*H668 -> 0
A669: 667 | B669: L1491718 | C669: Matraz filtrante UltraCruz®, 250 ml, PES, 0,22 µm | D669: Caja con 12 pzas | E669: UltraCruz® | F669: sc-200253 | G669: 2026 | H669: 2479 | I669: =O669+L669 -> 0 | J669: =H669*I669 -> 0 | M669: =L669*H669 -> 0
A670: 668 | B670: L1491720 | C670: Pipetas serológicas, 25 ml, envueltas individualmente | D670: Caja con 200 pzas | E670: UltraCruz® | F670: sc-200283 | G670: 2026 | H670: 2432 | I670: =O670+L670 -> 0 | J670: =H670*I670 -> 0 | M670: =L670*H670 -> 0
A671: 669 | B671: L1490589 | C671: Placas de cultivo de tejidos UltraCruz®, transparente, 96 pocillos, fondo plano, envueltas individualmente | D671: Caja con 100 pzas | E671: UltraCruz® | F671: sc-204447 | G671: 2024 | H671: 6083 | I671: =O671+L671 -> 0 | J671: =H671*I671 -> 0 | M671: =L671*H671 -> 0
A672: 670 | B672: L1490738 | C672: UltraCruz® CryoBoxes (cajas criogénicas UltraCruz ™) | D672: Caja con 20 Racks | E672: UltraCruz® | F672: sc-200201 | G672: 2021 | H672: 3997 | I672: =O672+L672 -> 0 | J672: =H672*I672 -> 0 | M672: =L672*H672 -> 0
A673: 671 | B673: L1491086 | C673: Cubre objetos redondos 20 mm. Vidrio borosilicato puro (incoloro) | D673: Caja con 100 pzas | E673: Velab™ | F673: VE-R20 | G673: 2026 | H673: 192 | I673: =O673+L673 -> 0 | J673: =H673*I673 -> 0 | M673: =L673*H673 -> 0
... A740: 738 | B740: L1491461 | C740: Rata Wistar (Rattus norvegicus) Macho | D740: Macho | E740: Cepa Wistar | F740: Peso: 150-180 g | G740: 2025 | H740: 586 | I740: =O740+L740 -> 0 | J740: =H740*I740 -> 0 | M740: =L740*H740 -> 0
A741: 739 | B741: L1491003 | C741: Ratas Wistar hembras en edad reproductiva, 175-199g | D741: Hembra | E741: Cepa Wistar | F741: Peso: 175-199 g | G741: 2023 | H741: 400 | I741: 0 | J741: =H741*I741 -> 0 | M741: =L741*H741 -> 0
I742: =O742+L742 -> 0 | J742: =I742*H742 -> 0 | M742: =L742*H742 -> 0 | P742: =O742*H742 -> 0
H743: SUBTOTAL | I743: =SUM(I3:I742) -> 0 | J743: =SUM(J3:J742) -> 0 | L743: =SUM(L3:L742) -> 0 | M743: =SUM(M3:M742) -> 0 | O743: =SUM(O3:O742) -> 0 | P743: =SUM(P3:P742) -> 0
A744: Renglón | B744: Clave (SIA) | C744: Material | D744: Presentación | E744: Marca | F744: Catálogo | G744: Año de Referencia | H744: Precio | I744: Cantidad Solicitada Global | J744: Importe Global | K744: Observaciones | L744: Cantidad Solicitada Categoria A | M744: Importe Categoria A | N744: Responsable Categoria A | O744: Cantidad Solicitada Categoria B | P744: Importe Categoria B | Q744: Responsable Categoria B | R744: Laboratorio
A745: 1 | I745: 0 | J745: =I745*H745 -> 0 | M745: =L745*H745 -> 0 | P745: =O745*H745 -> 0
A746: 2 | I746: 0 | J746: =I746*H746 -> 0 | M746: =L746*H746 -> 0 | P746: =O746*H746 -> 0
A747: 3 | I747: =O747+L747 -> 0 | J747: =I747*H747 -> 0 | M747: =L747*H747 -> 0 | P747: =O747*H747 -> 0
A748: 4 | I748: =O748+L748 -> 0 | J748: =I748*H748 -> 0 | M748: =L748*H748 -> 0 | P748: =O748*H748 -> 0
A749: 5 | I749: =O749+L749 -> 0 | J749: =I749*H749 -> 0 | M749: =L749*H749 -> 0 | P749: =O749*H749 -> 0
A750: 6 | I750: =O750+L750 -> 0 | J750: =I750*H750 -> 0 | M750: =L750*H750 -> 0 | P750: =O750*H750 -> 0
A751: 7 | I751: =O751+L751 -> 0 | J751: =I751*H751 -> 0 | M751: =L751*H751 -> 0 | P751: =O751*H751 -> 0
A752: 8 | I752: =O752+L752 -> 0 | J752: =I752*H752 -> 0 | M752: =L752*H752 -> 0 | P752: =O752*H752 -> 0
A753: 9 | I753: =O753+L753 -> 0 | J753: =I753*H753 -> 0 | M753: =L753*H753 -> 0 | P753: =O753*H753 -> 0
A754: 10 | I754: =O754+L754 -> 0 | J754: =I754*H754 -> 0 | M754: =L754*H754 -> 0 | P754: =O754*H754 -> 0
A755: 11 | I755: =O755+L755 -> 0 | J755: =I755*H755 -> 0 | M755: =L755*H755 -> 0 | P755: =O755*H755 -> 0
A756: 12 | I756: =O756+L756 -> 0 | J756: =I756*H756 -> 0 | M756: =L756*H756 -> 0 | P756: =O756*H756 -> 0
A757: 13 | I757: =O757+L757 -> 0 | J757: =I757*H757 -> 0 | M757: =L757*H757 -> 0 | P757: =O757*H757 -> 0
A758: 14 | I758: =O758+L758 -> 0 | J758: =I758*H758 -> 0 | M758: =L758*H758 -> 0 | P758: =O758*H758 -> 0
... A844: 100 | I844: =O844+L844 -> 0 | J844: =I844*H844 -> 0 | M844: =L844*H844 -> 0 | P844: =O844*H844 -> 0
G845: SUB-TOTAL | I845: =SUM(I745:I844) -> 0 | J845: =SUM(J745:J844) -> 0 | L845: =SUM(L745:L844) -> 0 | M845: =SUM(M745:M844) -> 0 | O845: =SUM(O745:O844) -> 0 | P845: =SUM(P745:P844) -> 0
G847: GRAN TOTAL | I847: =SUM(I3:I742) -> 0 | J847: =J743+J845 -> 0 | L847: =L743+L845 -> 0 | M847: =M743+M845 -> 0 | O847: =O743+O845 -> 0 | P847: =P743+P845 -> 0

Sheet Reactivos
B1: INSTRUCCIONES Por favor, indique el nombre del Laboratorio sin abreviaturas en la celda AZUL REY. En las celdas AZUL CIELO indique el nombre del responsable técnico que tenga un proyecto vigente y con apoyo de Recursos fiscales 2027. En las columnas L y O (celdas amarillas) indique la cantidad de cada Reactivo que requiera para el año 2027. Por favor agregue los reactivos que vaya a utilizar y que no se encuentren en el listado a partir del renglón 2298, agregando todas las especificaciónes del producto. | L1: Categoria A | O1: Categoria B
A2: Renglón | B2: Clave (SIA) | C2: Descripción | D2: Presentación | E2: Marca | F2: Catálogo | G2: Año de Referencia | H2: Precio | I2: Cantidad Solicitada Global | J2: Importe Global | K2: Observaciones | L2: Cantidad Solicitada Categoria A | M2: Importe Categoria A | N2: Responsable Categoria A | O2: Cantidad Solicitada Categoria B | P2: Importe Categoria B | Q2: Responsable Categoria B | R2: Laboratorio
A3: 1 | B3: R1469048 | C3: Vysis DiGeorge Region LSI N25 SpectrumOrange/LSI ARSA SpectrumGreen Probes. (10 µL) | D3: Vial para 20 test | E3: Abbott - Vysis | F3: 05N24-010 | G3: 2020 | H3: 13438.33 | J3: =I3*H3 -> 0 | M3: =L3*H3 -> 0 | P3: =O3*H3 -> 0
A4: 2 | B4: R1470860 | C4: Sonda de ADN Vysis LSI BCL6 (ABR)* Dual Color Break Apart se hibrida con la banda 3q27. La sonda BCL6 SpectrumOrange de 5' tiene un tamaño de ~349 kb y flanquea el ABR de BCL6. La sonda BCL6 SpectrumGreen de 3' tiene un tamaño aproximado de 816 kb y flanquea la región MBR de BCL6. | D4: Vial con 20 µL | E4: Abbott - Vysis | F4: 01N23-020 | G4: 2025 | H4: 23500 | I4: =O4+L4 -> 0 | J4: =I4*H4 -> 0 | M4: =L4*H4 -> 0 | P4: =O4*H4 -> 0
A5: 3 | B5: R1470861 | C5: Sonda Vysis LSI D7S486 SpectrumOrange/CEP 7 SpectrumGreen se hibridan con la banda 7q31 (SpectrumOrange LSI D7S486) | D5: Vial con 20 µL | E5: Abbott - Vysis | F5: 05J61-001 | G5: 2025 | H5: 25346 | I5: =O5+L5 -> 0 | J5: =I5*H5 -> 0 | M5: =L5*H5 -> 0 | P5: =O5*H5 -> 0
A6: 4 | B6: R1472007 | C6: Sonda Vysis para centromero de cromosoma X marcada con fluorocromo verde. ( Vysis CEP X (DXZ1) SpectrumGreen Probe) | D6: Vial con 20 µL | E6: Abbott - Vysis | F6: 05J10-033 | G6: 2025 | H6: 18322 | I6: =O6+L6 -> 0 | J6: =I6*H6 -> 0 | M6: =L6*H6 -> 0 | P6: =O6*H6 -> 0
A7: 5 | B7: R1472008 | C7: Vysis CEP 8 (D8Z2) SpectrumGreen Probe (ASR) | D7: Vial con 20 µL | E7: Abbott - Vysis | F7: 06J37-018 | G7: 2025 | H7: 12952 | I7: =O7+L7 -> 0 | J7: =I7*H7 -> 0 | M7: =L7*H7 -> 0 | P7: =O7*H7 -> 0
A8: 6 | B8: R1466177 | C8: Vysis LSI 1p36 Microdeletion Region Probe (ASR) | D8: Vial con 20 µL | E8: Abbott - Vysis | F8: 05J21-020 | G8: 2025 | H8: 20119 | I8: =O8+L8 -> 0 | J8: =I8*H8 -> 0 | M8: =L8*H8 -> 0 | P8: =O8*H8 -> 0
A9: 7 | B9: R1472009 | C9: Vysis LSI 21 SpectrumOrange Probe (ASR) | D9: Vial con 20 µL | E9: Abbott - Vysis | F9: 05J13-012 | G9: 2025 | H9: 22182 | I9: =O9+L9 -> 0 | J9: =I9*H9 -> 0 | M9: =L9*H9 -> 0 | P9: =O9*H9 -> 0
A10: 8 | B10: R1469608 | C10: anit MATE-1 | D10: Vial con 100 µL | E10: Abcam | F10: ab224440 | G10: 2022 | H10: 13044 | I10: =O10+L10 -> 0 | J10: =I10*H10 -> 0 | M10: =L10*H10 -> 0 | P10: =O10*H10 -> 0
A11: 9 | B11: R1469609 | C11: Anti IgG de perro elaborado en cabra H&L (HRP) | D11: Vial de 1 mg | E11: Abcam | F11: ab112852 | G11: 2022 | H11: 6171 | I11: =O11+L11 -> 0 | J11: =I11*H11 -> 0 | M11: =L11*H11 -> 0 | P11: =O11*H11 -> 0
A12: 10 | B12: R1469610 | C12: anti OCT1 (EPR16570) | D12: Vial 100 µL | E12: Abcam | F12: ab178869 | G12: 2022 | H12: 14025 | I12: =O12+L12 -> 0 | J12: =I12*H12 -> 0 | M12: =L12*H12 -> 0 | P12: =O12*H12 -> 0
A13: 11 | B13: R1469202 | C13: Anti STAT1 (phospho Y701) antibody [M135] | D13: Vial 50 µL | E13: Abcam | F13: ab29045 | G13: 2020 | H13: 15147 | I13: =O13+L13 -> 0 | J13: =I13*H13 -> 0 | M13: =L13*H13 -> 0 | P13: =O13*H13 -> 0
A14: 12 | B14: R1468828 | C14: Anti-BrdU antibody [BU1/75 (ICR1)] | D14: Vial con 100 µg | E14: Abcam | F14: ab6326 | G14: 2025 | H14: 14306 | I14: =O14+L14 -> 0 | J14: =I14*H14 -> 0 | M14: =L14*H14 -> 0 | P14: =O14*H14 -> 0
A15: 13 | B15: R1469611 | C15: Anti-Carma 3 antibody | D15: Vial de 100 µg | E15: Abcam | F15: ab137383 | G15: 2022 | H15: 13044 | I15: =O15+L15 -> 0 | J15: =I15*H15 -> 0 | M15: =L15*H15 -> 0 | P15: =O15*H15 -> 0
... A276: 274 | B276: R1472043 | C276: TaqMan™ Gene ExpressionAssay (FAM), Assay ID:Rn00581867_m1. Gene:Dio2 | D276: Kit S (250 rxn/250 µL), inventariado | E276: Applied Biosystems™ | F276: 4331182 (Assay ID: Rn00581867_m1) | G276: 2025 | H276: 4527 | I276: =O276+L276 -> 0 | J276: =I276*H276 -> 0 | M276: =L276*H276 -> 0 | P276: =O276*H276 -> 0
A277: 275 | B277: R1472049 | C277: TaqMan™ Gene ExpressionAssay (FAM). Assay ID: Rn01464140_m1. Gene: Thra | D277: Kit S (250 rxn/250 µL), inventariado | E277: Applied Biosystems™ | F277: 4331182 (Assay ID: Rn01464140_m1) | G277: 2025 | H277: 4527 | I277: 0 | J277: =I277*H277 -> 0 | M277: =L277*H277 -> 0 | P277: =O277*H277 -> 0
A278: 276 | B278: R1468720 | C278: TaqMan™ Genotyping Assay C__11889257_10. S (300 rxn) | D278: Kit para 300 rxn | E278: Applied Biosystems™ | F278: 4351379 - C_11889257_10 | G278: 2020 | H278: 6569.79 | I278: =O278+L278 -> 0 | J278: =I278*H278 -> 0 | M278: =L278*H278 -> 0 | P278: =O278*H278 -> 0
A279: 277 | B279: R1470907 | C279: TaqMan™ Genotyping Assay SNP ID: rs1143663. Gene: CBR1. Assay ID: C___9527727_20 | D279: Kit S: Chica Escala para (300 rxn), hecho a pedido | E279: Applied Biosystems™ | F279: 4351379 (Assay ID: C___9527727_20 | G279: 2023 | H279: 8407.12 | I279: =O279+L279 -> 0 | J279: =I279*H279 -> 0 | M279: =L279*H279 -> 0 | P279: =O279*H279 -> 0
A280: 278 | B280: R1468725 | C280: TaqMan™ Genotyping Assay C__7586657_20 | D280: Kit paran 150 rxn | E280: Applied Biosystems™ | F280: 4362691 - C__7586657_20 | G280: 2020 | H280: 8538.35 | I280: =O280+L280 -> 0 | J280: =I280*H280 -> 0 | M280: =L280*H280 -> 0 | P280: =O280*H280 -> 0
A281: 279 | B281: R1470911 | C281: TaqMan™ Genotyping Assay SNP ID: rs1800566. Gene: NQO1. Assay ID: C___2091255_30 | D281: Kit para 150 rxn, inventariadas | E281: Applied Biosystems™ | F281: 4362691 (Assay ID:C___2091255_30) | G281: 2025 | H281: 9221 | I281: =O281+L281 -> 0 | J281: =I281*H281 -> 0 | M281: =L281*H281 -> 0 | P281: =O281*H281 -> 0
A282: 280 | B282: R1470904 | C282: TaqMan™ Genotyping Assay SNP ID: rs1804538. Gene: TOP2A. Assay ID: C___7477997_20 | D282: Kit S: Chica Escala para (300 rxn), hecho a pedido | E282: Applied Biosystems™ | F282: 4351379 (Assay ID: C___7477997_20) | G282: 2024 | H282: 8203.19 | I282: =O282+L282 -> 0 | J282: =I282*H282 -> 0 | M282: =L282*H282 -> 0 | P282: =O282*H282 -> 0
A283: 281 | B283: R1470909 | C283: TaqMan™ Genotyping Assay SNP ID: rs2835286. Gene: CBR3-AS1. Assay ID: C__16075424_10 | D283: Kit S: Chica Escala para (300 rxn), hecho a pedido | E283: Applied Biosystems™ | F283: 4351379 (Assay ID:C__16075424_10) | G283: 2025 | H283: 7106 | I283: =O283+L283 -> 0 | J283: =I283*H283 -> 0 | M283: =L283*H283 -> 0 | P283: =O283*H283 -> 0
A284: 282 | B284: R1470912 | C284: TaqMan™ Genotyping Assay SNP ID: rs3014216. Gene: AKR1A1. Assay ID: C__11869471_10 | D284: Kit S: Chica Escala para (300 rxn), hecho a pedido | E284: Applied Biosystems™ | F284: 4351379 (Assay ID: C__11869471_10) | G284: 2025 | H284: 7106 | I284: =O284+L284 -> 0 | J284: =I284*H284 -> 0 | M284: =L284*H284 -> 0 | P284: =O284*H284 -> 0
A285: 283 | B285: R1470906 | C285: TaqMan™ Genotyping Assay SNP ID: rs373455425. Gene: XDH. Assay ID: C_365253619_10 | D285: Kit S: Chica Escala para (300 rxn), hecho a pedido | E285: Applied Biosystems™ | F285: 4351379 (Assay ID: C_365253619_10) | G285: 2025 | H285: 7106 | I285: =O285+L285 -> 0 | J285: =I285*H285 -> 0 | M285: =L285*H285 -> 0 | P285: =O285*H285 -> 0
A286: 284 | B286: R1470908 | C286: TaqMan™ Genotyping Assay SNP ID: rs487121. Gene: MIR924HG. Assay ID: C___2313112_10 | D286: Kit S: Chica Escala para (300 rxn), hecho a pedido | E286: Applied Biosystems™ | F286: 4351379 (Assay ID: C___2313112_10) | G286: 2025 | H286: 7106 | I286: =O286+L286 -> 0 | J286: =I286*H286 -> 0 | M286: =L286*H286 -> 0 | P286: =O286*H286 -> 0
A287: 285 | B287: R1470910 | C287: TaqMan™ Genotyping Assay SNP ID: rs4987121. Gene: CBR3 Assay ID: C__43955396_10 | D287: Kit S: Chica Escala para (300 rxn), hecho a pedido | E287: Applied Biosystems™ | F287: 4351379 (Assay ID: C__43955396_10) | G287: 2025 | H287: 7106 | I287: =O287+L287 -> 0 | J287: =I287*H287 -> 0 | M287: =L287*H287 -> 0 | P287: =O287*H287 -> 0
A288: 286 | B288: R1470905 | C288: TaqMan™ Genotyping Assay SNP ID:rs2236168. Gene: XDH. Assay ID: C__26435993_20 | D288: Kit S: Chica Escala para (300 rxn), hecho a pedido | E288: Applied Biosystems™ | F288: 4351379 (Assay ID: C__26435993_20) | G288: 2025 | H288: 7542 | I288: =O288+L288 -> 0 | J288: =I288*H288 -> 0 | M288: =L288*H288 -> 0 | P288: =O288*H288 -> 0
A289: 287 | B289: R1469673 | C289: TaqMan™ Genotyping Master Mix | D289: Vial con 1 x 1 ml | E289: Applied Biosystems™ | F289: 4371353 | G289: 2025 | H289: 2411.77 | I289: =O289+L289 -> 0 | J289: =I289*H289 -> 0 | M289: =L289*H289 -> 0 | P289: =O289*H289 -> 0
... A303: 301 | B303: R1472055 | C303: TaqMan™ Universal Master Mix II, sin UNG | D303: Caja con 1 vial x 5 ml | E303: Applied Biosystems™ | F303: 4440040 | G303: 2025 | H303: 11243 | I303: =O303+L303 -> 0 | J303: =I303*H303 -> 0 | M303: =L303*H303 -> 0 | P303: =O303*H303 -> 0
A304: 302 | B304: R1465346 | C304: TaqMan™ Universal Master Mix II, with UNG | D304: Kit con 5 viales con 5 mL c/u | E304: Applied Biosystems™ | F304: 4440045 | G304: 2024 | H304: 53611.83 | I304: =O304+L304 -> 0 | J304: =I304*H304 -> 0 | M304: =L304*H304 -> 0 | P304: =O304*H304 -> 0
A305: 303 | B305: R1469441 | C305: TaqMan™ Universal Master Mix II, with UNG | D305: Vial con 1 x 5 ml | E305: Applied Biosystems™ | F305: 4440038 | G305: 2025 | H305: 11689 | I305: =O305+L305 -> 0 | J305: =I305*H305 -> 0 | M305: =L305*H305 -> 0 | P305: =O305*H305 -> 0
A306: 304 | B306: R1460995 | C306: TaqMan™ Universal PCR Master Mix, 2-Pack (2 X 5 ml), 400 rxn | D306: Kit con 2 viales X 5 mL | E306: Applied Biosystems™ | F306: 4364338 | G306: 2025 | H306: 25551.11 | I306: =O306+L306 -> 0 | J306: =I306*H306 -> 0 | M306: =L306*H306 -> 0 | P306: =O306*H306 -> 0
A307: 305 | B307: R1472632 | C307: TaqMan™Ensayo de genotipado SNP, humano. SNP ID: rs1049674. Assay ID:C__11710748_10 | D307: Kit para 300 rxn (pequeñas, 40X) | E307: Applied Biosystems™ | F307: 4351379 Assay ID:C__11710748_10 | G307: 2026 | H307: 7542 | I307: =O307+L307 -> 0 | J307: =I307*H307 -> 0 | M307: =L307*H307 -> 0 | P307: =O307*H307 -> 0
A308: 306 | B308: R1472630 | C308: TaqMan™Ensayo de genotipado SNP, humano. SNP ID: rs283526. Assay ID:C____801726_40 | D308: Kit para 300 rxn (pequeñas, 40X) | E308: Applied Biosystems™ | F308: 4351379 Assay ID:C____801726_40 | G308: 2026 | H308: 7542 | I308: =O308+L308 -> 0 | J308: =I308*H308 -> 0 | M308: =L308*H308 -> 0 | P308: =O308*H308 -> 0
A309: 307 | B309: R1472631 | C309: TaqMan™Ensayo de genotipado SNP, humano. SNP ID: rs4880. Assay ID:C___8709053_10 | D309: Kit para 300 rxn (pequeñas, 40X) | E309: Applied Biosystems™ | F309: 4351379 Assay ID:C___8709053_10 | G309: 2026 | H309: 7542 | I309: =O309+L309 -> 0 | J309: =I309*H309 -> 0 | M309: =L309*H309 -> 0 | P309: =O309*H309 -> 0
A310: 308 | B310: R1467759 | C310: A-673 (Ewing's Sarcoma) | D310: Vial | E310: ATCC® | F310: CRL-1598 | G310: 2025 | H310: 35627.78 | I310: =O310+L310 -> 0 | J310: =I310*H310 -> 0 | M310: =L310*H310 -> 0 | P310: =O310*H310 -> 0
A311: 309 | B311: R1469685 | C311: Aspergillus niger van Tieghem 16888™ | D311: Vial | E311: ATCC® | F311: 16888 | G311: 2022 | H311: 12000 | I311: =O311+L311 -> 0 | J311: =I311*H311 -> 0 | M311: =L311*H311 -> 0 | P311: =O311*H311 -> 0
A312: 310 | B312: R1472056 | C312: Cepa de Burkholderia cepacia. Designación UCB 717 | D312: Kit | E312: ATCC® | F312: 25416 | G312: 2024 | H312: 6300 | I312: =O312+L312 -> 0 | J312: =I312*H312 -> 0 | M312: =L312*H312 -> 0 | P312: =O312*H312 -> 0
A313: 311 | B313: R1468735 | C313: CHLA-03-AA (ATCC® CRL-3035™) | D313: Vial | E313: ATCC® | F313: CRL-3035 | G313: 2020 | H313: 13900 | I313: =O313+L313 -> 0 | J313: =I313*H313 -> 0 | M313: =L313*H313 -> 0 | P313: =O313*H313 -> 0
A314: 312 | B314: R1472657 | C314: CuFi-1, human bronchial epithelium; Human (Homo sapiens) | D314: Kit | E314: ATCC® | F314: CRL-4013 | G314: 2026 | H314: 73217.39 | I314: =O314+L314 -> 0 | J314: =I314*H314 -> 0 | M314: =L314*H314 -> 0 | P314: =O314*H314 -> 0
A315: 313 | B315: R1463948 | C315: Dimetil sulfóxido (Dimethyl sulfoxide; DMSO) | D315: Paquete con 5 viales x 5 ml | E315: ATCC® | F315: 4-X | G315: 2025 | H315: 2590.6 | I315: =O315+L315 -> 0 | J315: =I315*H315 -> 0 | M315: =L315*H315 -> 0 | P315: =O315*H315 -> 0
A316: 314 | B316: R1472057 | C316: DMEM: F-12 Medium | D316: Frasco con 500 ml | E316: ATCC® | F316: 30-2006 | G316: 2025 | H316: 2265.68 | I316: =O316+L316 -> 0 | J316: =I316*H316 -> 0 | M316: =L316*H316 -> 0 | P316: =O316*H316 -> 0
... A901: 899 | B901: R1469296 | C901: Alexa fluor 488 protein labeling kit | D901: Kit | E901: Invitrogen™ | F901: A10235 | G901: 2021 | H901: 11683.55 | I901: =O901+L901 -> 0 | J901: =I901*H901 -> 0 | M901: =L901*H901 -> 0 | P901: =O901*H901 -> 0
A902: 900 | B902: R1469297 | C902: Alexa fluor 594 protein labeling kit | D902: Kit | E902: Invitrogen™ | F902: A10239 | G902: 2021 | H902: 11546.64 | I902: 0 | J902: =I902*H902 -> 0 | M902: =L902*H902 -> 0 | P902: =O902*H902 -> 0
A903: 901 | B903: R1469298 | C903: Alexa fluor 633 protein labeling kit | D903: Kit | E903: Invitrogen™ | F903: A20170 | G903: 2021 | H903: 11409.72 | I903: =O903+L903 -> 0 | J903: =I903*H903 -> 0 | M903: =L903*H903 -> 0 | P903: =O903*H903 -> 0
A904: 902 | B904: R1469770 | C904: Alexa Fluor® 488. Donkey anti-Goat IgG (H+L) Cross-Adsorbed Secondary Antibody | D904: Vial con 1 mg | E904: Invitrogen™ | F904: A11055 | G904: 2025 | H904: 5789 | I904: =O904+L904 -> 0 | J904: =I904*H904 -> 0 | M904: =L904*H904 -> 0 | P904: =O904*H904 -> 0
A905: 903 | B905: R1469771 | C905: Alexa Fluor® Plus 488. F(ab')2-Goat anti-Rabbit IgG (H+L) Cross-Adsorbed Secondary Antibody | D905: Vial de 500 µg | E905: Invitrogen™ | F905: A48282 | G905: 2025 | H905: 5733 | I905: =O905+L905 -> 0 | J905: =I905*H905 -> 0 | M905: =L905*H905 -> 0 | P905: =O905*H905 -> 0
A906: 904 | B906: R1472650 | C906: Ambion™, pMIR-REPORT™ miRNA Expression Reporter Vector System | D906: Kit | E906: Invitrogen™ | F906: AM5795 | G906: 2026 | H906: 10624.52 | I906: =O906+L906 -> 0 | J906: =I906*H906 -> 0 | M906: =L906*H906 -> 0 | P906: =O906*H906 -> 0
A907: 905 | B907: R1469772 | C907: Amyloid beta 40 Human ELISA Kit | D907: Kit para 96 test | E907: Invitrogen™ | F907: KHB3481 | G907: 2022 | H907: 13320 | I907: =O907+L907 -> 0 | J907: =I907*H907 -> 0 | M907: =L907*H907 -> 0 | P907: =O907*H907 -> 0
A908: 906 | B908: R1469773 | C908: Amyloid beta 42 Human ELISA Kit, Ultrasensitive | D908: Kit para 96 test | E908: Invitrogen™ | F908: KHB3544 | G908: 2022 | H908: 14175 | I908: =O908+L908 -> 0 | J908: =I908*H908 -> 0 | M908: =L908*H908 -> 0 | P908: =O908*H908 -> 0
A909: 907 | B909: R1472674 | C909: Anticuerpo monoclonal anti-P30 de Toxoplasma gondii | D909: Vial con 1 ml | E909: Invitrogen™ | F909: MA1-7092 | G909: 2026 | H909: 8493 | I909: =O909+L909 -> 0 | J909: =I909*H909 -> 0 | M909: =L909*H909 -> 0 | P909: =O909*H909 -> 0
A910: 908 | B910: R1469299 | C910: Anticuerpo monoclonal de etiqueta de epítopo HisG | D910: Vial con 50 µL | E910: Invitrogen™ | F910: R94025 | G910: 2023 | H910: 6034 | I910: =O910+L910 -> 0 | J910: =I910*H910 -> 0 | M910: =L910*H910 -> 0 | P910: =O910*H910 -> 0
A911: 909 | B911: R1469300 | C911: Anticuerpo monoclonal de etiqueta V5 | D911: Vial con 50 µL | E911: Invitrogen™ | F911: R960-25 | G911: 2023 | H911: 5778 | I911: =O911+L911 -> 0 | J911: =I911*H911 -> 0 | M911: =L911*H911 -> 0 | P911: =O911*H911 -> 0
A912: 910 | B912: R1469294 | C912: Anticuerpo policlonal (Conejo) Toxoplasma gondii | D912: Vial con 1 ml | E912: Invitrogen™ | F912: PA1-7252 | G912: 2023 | H912: 7548 | I912: =O912+L912 -> 0 | J912: =I912*H912 -> 0 | M912: =L912*H912 -> 0 | P912: =O912*H912 -> 0
A913: 911 | B913: R1471026 | C913: Anticuerpo policlonal CD206 | D913: Vial con 100 µL | E913: Invitrogen™ | F913: PA5-101657 | G913: 2023 | H913: 7548 | I913: =O913+L913 -> 0 | J913: =I913*H913 -> 0 | M913: =L913*H913 -> 0 | P913: =O913*H913 -> 0
A914: 912 | B914: R1472684 | C914: Anticuerpo policlonal CD56 (NCAM) | D914: Vial con 100 μL | E914: Invitrogen™ | F914: PA5-78402 | G914: 2026 | H914: 9051 | I914: =O914+L914 -> 0 | J914: =I914*H914 -> 0 | M914: =L914*H914 -> 0 | P914: =O914*H914 -> 0
... A1400: 1398 | B1400: R1472858 | C1400: dPCR CNV Probe Gene of Interest for TP53. Sonda hidrólisis: CY5 | D1400: Kit para 500 rxns | E1400: Qiagen® | F1400: 250210 ID: DCG0000178-C500 | G1400: 2026 | H1400: 17427 | I1400: =O1400+L1400 -> 0 | J1400: =I1400*H1400 -> 0 | M1400: =L1400*H1400 -> 0 | P1400: =O1400*H1400 -> 0
A1401: 1399 | B1401: R1472862 | C1401: dPCR CNV Probe Reference for TERT. Sonda hidrólisis: HEX | D1401: Kit para 300 rxn | E1401: Qiagen® | F1401: 250213 ID: DCR0000186-H300 | G1401: 2026 | H1401: 10647 | I1401: 0 | J1401: =I1401*H1401 -> 0 | M1401: =L1401*H1401 -> 0 | P1401: =O1401*H1401 -> 0
A1402: 1400 | B1402: R1469328 | C1402: Gentra Puregene Blood Kit (1000 mL) | D1402: Kit | E1402: Qiagen® | F1402: 158389 | G1402: 2024 | H1402: 31000 | I1402: =O1402+L1402 -> 0 | J1402: =I1402*H1402 -> 0 | M1402: =L1402*H1402 -> 0 | P1402: =O1402*H1402 -> 0
A1403: 1401 | B1403: R1471141 | C1403: Gentra Puregene Blood Kit (120 mL) | D1403: Kit | E1403: Qiagen® | F1403: 158023 | G1403: 2025 | H1403: 8662 | I1403: =O1403+L1403 -> 0 | J1403: =I1403*H1403 -> 0 | M1403: =L1403*H1403 -> 0 | P1403: =O1403*H1403 -> 0
A1404: 1402 | B1404: R1462531 | C1404: Gentra® Puregene® Blood Kit Plus (1000 mL) | D1404: Kit con 1000 ml | E1404: Qiagen® | F1404: 158489 | G1404: 2024 | H1404: 31000 | I1404: =O1404+L1404 -> 0 | J1404: =I1404*H1404 -> 0 | M1404: =L1404*H1404 -> 0 | P1404: =O1404*H1404 -> 0
A1405: 1403 | B1405: R1472255 | C1405: Gentra® Puregene® Buccal Cell Kit | D1405: Kit para 100 preps | E1405: Qiagen® | F1405: 158845 | G1405: 2025 | H1405: 6003 | I1405: =O1405+L1405 -> 0 | J1405: =I1405*H1405 -> 0 | M1405: =L1405*H1405 -> 0 | P1405: =O1405*H1405 -> 0
A1406: 1404 | B1406: R1469329 | C1406: HotStarTaq DNA Polymerase (5000 U). 1 x 5000 units HotStarTaq DNA Polymerase,1 x HotStarTaq Buffer Set (1 x 22 ml PCR Buffer, 1 x 40 ml Q-Solution, 1 x 22 ml MgCl2) | D1406: Kit con 5000 units | E1406: Qiagen® | F1406: 203207 | G1406: 2023 | H1406: 45444 | I1406: =O1406+L1406 -> 0 | J1406: =I1406*H1406 -> 0 | M1406: =L1406*H1406 -> 0 | P1406: =O1406*H1406 -> 0
A1407: 1405 | B1407: R1471142 | C1407: Kit de ADN QIAamp PowerFecal Pro | D1407: Kit para 50 preps | E1407: Qiagen® | F1407: 51804 | G1407: 2025 | H1407: 9530 | I1407: =O1407+L1407 -> 0 | J1407: =I1407*H1407 -> 0 | M1407: =L1407*H1407 -> 0 | P1407: =O1407*H1407 -> 0
A1408: 1406 | B1408: R1461455 | C1408: Kit de extracción de DNA Mini Kit QIAamp® | D1408: Kit para 250 preps | E1408: Qiagen® | F1408: 51306 | G1408: 2025 | H1408: 14260 | I1408: =O1408+L1408 -> 0 | J1408: =I1408*H1408 -> 0 | M1408: =L1408*H1408 -> 0 | P1408: =O1408*H1408 -> 0
A1409: 1407 | B1409: R1460402 | C1409: Kit de minipreparación QIAprep Spin (250) | D1409: Kit para 250 minipreps | E1409: Qiagen® | F1409: 27106 | G1409: 2026 | H1409: 9821 | I1409: =O1409+L1409 -> 0 | J1409: =I1409*H1409 -> 0 | M1409: =L1409*H1409 -> 0 | P1409: =O1409*H1409 -> 0
A1410: 1408 | B1410: R1472603 | C1410: Kit de plásmidos HiSpeed® ​​Midi (25) | D1410: Kit para 25 rxn | E1410: Qiagen® | F1410: 12643 | G1410: 2026 | H1410: 10061 | I1410: =O1410+L1410 -> 0 | J1410: =I1410*H1410 -> 0 | M1410: =L1410*H1410 -> 0 | P1410: =O1410*H1410 -> 0
A1411: 1409 | B1411: R1461453 | C1411: Kit de purificación QIAquick PCR, Para la purificación de 250 rxn PCR: 250 QIAquick Spin Columns, Buffers, Collection Tubes (2 ml) | D1411: Kit para 250 preps | E1411: Qiagen® | F1411: 28106 | G1411: 2025 | H1411: 14890 | I1411: =O1411+L1411 -> 0 | J1411: =I1411*H1411 -> 0 | M1411: =L1411*H1411 -> 0 | P1411: =O1411*H1411 -> 0
A1412: 1410 | B1412: R1461454 | C1412: Kit para extracción de DNA a partir de gel. Columnas con membranas de silica para purificación de fragmentos de DNA a partir de gel. Fragmentos 70pb-10 kb. Rendimiento >95%. Volumen de eluído 30-50 uL. Con indicador de pH. | D1412: 250 Columnas | E1412: Qiagen® | F1412: 28706 | G1412: 2025 | H1412: 14634 | I1412: =O1412+L1412 -> 0 | J1412: =I1412*H1412 -> 0 | M1412: =L1412*H1412 -> 0 | P1412: =O1412*H1412 -> 0
A1413: 1411 | B1413: R1471147 | C1413: Kit QIAGEN OneStep RT-PCR (100) | D1413: Kit para rxn de 100 x 50 µL | E1413: Qiagen® | F1413: 210212 | G1413: 2025 | H1413: 15408 | I1413: =O1413+L1413 -> 0 | J1413: =I1413*H1413 -> 0 | M1413: =L1413*H1413 -> 0 | P1413: =O1413*H1413 -> 0
... A2116: 2114 | B2116: R1469984 | C2116: Producto customizado standa 24 pares de bases 50NM | D2116: Vial | E2116: T4 | F2116: Custom T4 Oligo | G2116: 2022 | H2116: 205 | I2116: =O2116+L2116 -> 0 | J2116: =I2116*H2116 -> 0 | M2116: =L2116*H2116 -> 0 | P2116: =O2116*H2116 -> 0
A2117: 2115 | B2117: R1472911 | C2117: Oligo SCN1A-4F. Secuencia 5´a 3´ (GTAAAACGACGGCCAGTAACTCAACACAGAAACCATTTG). Purificación: DST. Número de Bases: 39. Modificaciones: 5´ 3´. T4 Oligo. Vial con 50 nmol. SCN1A-4F | D2117: Vial con 50 nmol. | E2117: T4 | F2117: SCN1A-4F | G2117: 2026 | H2117: 454.28 | I2117: 0 | J2117: =I2117*H2117 -> 0 | M2117: =L2117*H2117 -> 0 | P2117: =O2117*H2117 -> 0
A2118: 2116 | B2118: R1469985 | C2118: Lenti-X™ Concentrator | D2118: 100 ml | E2118: Takara Bio Inc | F2118: 631231 | G2118: 2025 | H2118: 11068 | I2118: =O2118+L2118 -> 0 | J2118: =I2118*H2118 -> 0 | M2118: =L2118*H2118 -> 0 | P2118: =O2118*H2118 -> 0
A2119: 2117 | B2119: R1466432 | C2119: KIT EPON | D2119: Kit | E2119: TED PELLA | F2119: 18012 | G2119: 2025 | H2119: 9600 | I2119: =O2119+L2119 -> 0 | J2119: =I2119*H2119 -> 0 | M2119: =L2119*H2119 -> 0 | P2119: =O2119*H2119 -> 0
A2120: 2118 | B2120: R1472769 | C2120: Anticuerpo policlonal SHANK3 | D2120: Vial con 100 µL | E2120: Thermo Fisher Scientific | F2120: BS-12143R | G2120: 2026 | H2120: 7362 | I2120: =O2120+L2120 -> 0 | J2120: =I2120*H2120 -> 0 | M2120: =L2120*H2120 -> 0 | P2120: =O2120*H2120 -> 0
A2121: 2119 | B2121: R1466181 | C2121: DNase I (RNase-free) | D2121: Vial con 2,000 units | E2121: Thermo Fisher Scientific - Ambion™ | F2121: AM2222 | G2121: 2025 | H2121: 5312.26 | I2121: =O2121+L2121 -> 0 | J2121: =I2121*H2121 -> 0 | M2121: =L2121*H2121 -> 0 | P2121: =O2121*H2121 -> 0
A2122: 2120 | B2122: R1472334 | C2122: mirVana® miRNA inhibitor. Assay ID: MH10165. Assay Name: hsa-miR-372-3p | D2122: Vial con 20 nmol | E2122: Thermo Fisher Scientific - Ambion™ | F2122: 4464085 (Assay ID: MH10165) | G2122: 2025 | H2122: 20853 | I2122: =O2122+L2122 -> 0 | J2122: =I2122*H2122 -> 0 | M2122: =L2122*H2122 -> 0 | P2122: =O2122*H2122 -> 0
A2123: 2121 | B2123: R1472335 | C2123: mirVana® miRNA mimic. Assay Name: hsa-miR-372-3p. Assay ID: MC10165. Especie: Human | D2123: Vial con 20 nmol | E2123: Thermo Fisher Scientific - Ambion™ | F2123: 4464067 (Assay ID: MC10165) | G2123: 2025 | H2123: 20891 | I2123: =O2123+L2123 -> 0 | J2123: =I2123*H2123 -> 0 | M2123: =L2123*H2123 -> 0 | P2123: =O2123*H2123 -> 0
A2124: 2122 | B2124: R1469428 | C2124: HEPES (1 M) | D2124: Frasco con 100 ml | E2124: Thermo Fisher Scientific - Gibco™ | F2124: 15630080 | G2124: 2022 | H2124: 1613.3 | I2124: =O2124+L2124 -> 0 | J2124: =I2124*H2124 -> 0 | M2124: =L2124*H2124 -> 0 | P2124: =O2124*H2124 -> 0
A2125: 2123 | B2125: R1469430 | C2125: RPMI 1640 Medium, powder | D2125: Envase con 10 sobres / 1L | E2125: Thermo Fisher Scientific - Gibco™ | F2125: 31800022 | G2125: 2023 | H2125: 1007.1 | I2125: =O2125+L2125 -> 0 | J2125: =I2125*H2125 -> 0 | M2125: =L2125*H2125 -> 0 | P2125: =O2125*H2125 -> 0
A2126: 2124 | B2126: R1469431 | C2126: Tripsina-EDTA (0.05 %), rojo fenol | D2126: Frasco con 500 ml | E2126: Thermo Fisher Scientific - Gibco™ | F2126: 25300062 | G2126: 2024 | H2126: 932 | I2126: =O2126+L2126 -> 0 | J2126: =I2126*H2126 -> 0 | M2126: =L2126*H2126 -> 0 | P2126: =O2126*H2126 -> 0
A2127: 2125 | B2127: R1471309 | C2127: Anticuerpo policlonal conexina-36 | D2127: Vial con 100 µL | E2127: Thermo Fisher Scientific™ | F2127: BS-1266R | G2127: 2023 | H2127: 8225.68 | I2127: =O2127+L2127 -> 0 | J2127: =I2127*H2127 -> 0 | M2127: =L2127*H2127 -> 0 | P2127: =O2127*H2127 -> 0
A2128: 2126 | B2128: R1472770 | C2128: Anticuerpo Polyclonal Anti Sinapsina 1 desarrollado en conejo | D2128: Vial con 100 µL | E2128: Thermo Fisher Scientific™ | F2128: BS-3501R | G2128: 2024 | H2128: 7526 | I2128: =O2128+L2128 -> 0 | J2128: =I2128*H2128 -> 0 | M2128: =L2128*H2128 -> 0 | P2128: =O2128*H2128 -> 0
A2129: 2127 | B2129: R1468148 | C2129: Anticuerpo secundario Alexa 488 Goat anti Rabbit | D2129: Vial 500 µL | E2129: Thermo Fisher Scientific™ | F2129: R37116 | G2129: 2026 | H2129: 3755 | I2129: =O2129+L2129 -> 0 | J2129: =I2129*H2129 -> 0 | M2129: =L2129*H2129 -> 0 | P2129: =O2129*H2129 -> 0
... A2293: 2291 | B2293: R1471333 | C2293: ZymoTaq™ PreMix | D2293: Kit para 50 Rxns (2 x 625 µL) | E2293: Zymo Research | F2293: E2003 | G2293: 2023 | H2293: 2300 | I2293: =O2293+L2293 -> 0 | J2293: =I2293*H2293 -> 0 | M2293: =L2293*H2293 -> 0 | P2293: =O2293*H2293 -> 0
A2294: 2292 | B2294: R1471334 | C2294: ZymoTaq™ PreMix | D2294: Kit para 200 rxn (8 x 625 µL) | E2294: Zymo Research | F2294: E2004 | G2294: 2024 | H2294: 5056.34 | I2294: 0 | J2294: =I2294*H2294 -> 0 | M2294: =L2294*H2294 -> 0 | P2294: =O2294*H2294 -> 0
A2295: 2293 | B2295: R1472660 | C2295: ZR BAC DNA Miniprep Kit (aísla eficazmente el ADN del plásmido BAC u otros plásmidos grandes) | D2295: Kit para 100 preps | E2295: Zymo Research | F2295: D4049 | G2295: 2026 | H2295: 7972 | I2295: 0 | J2295: =I2295*H2295 -> 0 | M2295: =L2295*H2295 -> 0 | P2295: =O2295*H2295 -> 0
H2296: SUB-TOTAL | I2296: =SUM(I3:I2295) -> 0 | J2296: =SUM(J3:J2295) -> 0 | P2296: =SUM(P3:P2295) -> 0
A2297: Renglón | B2297: Clave (SIA) | C2297: Descripción | D2297: Presentación | E2297: Marca | F2297: Catálogo | G2297: Año de Referencia | H2297: Precio | I2297: Cantidad Solicitada Global | J2297: Importe Global | K2297: Observaciones | L2297: Cantidad Solicitada Categoria A | M2297: Importe Categoria A | N2297: Responsable Categoria A | O2297: Cantidad Solicitada Categoria B | P2297: Importe Categoria B | Q2297: Responsable Categoria B | R2297: Laboratorio
A2298: 1 | I2298: 0 | J2298: =I2298*H2298 -> 0 | M2298: =L2298*H2298 -> 0 | P2298: =O2298*H2298 -> 0
A2299: 2 | I2299: =O2299+L2299 -> 0 | J2299: =I2299*H2299 -> 0 | M2299: =L2299*H2299 -> 0 | P2299: =O2299*H2299 -> 0
A2300: 3 | I2300: =O2300+L2300 -> 0 | J2300: =I2300*H2300 -> 0 | M2300: =L2300*H2300 -> 0 | P2300: =O2300*H2300 -> 0
A2301: 4 | I2301: =O2301+L2301 -> 0 | J2301: =I2301*H2301 -> 0 | M2301: =L2301*H2301 -> 0 | P2301: =O2301*H2301 -> 0
A2302: 5 | I2302: =O2302+L2302 -> 0 | J2302: =I2302*H2302 -> 0 | M2302: =L2302*H2302 -> 0 | P2302: =O2302*H2302 -> 0
A2303: 6 | I2303: =O2303+L2303 -> 0 | J2303: =I2303*H2303 -> 0 | M2303: =L2303*H2303 -> 0 | P2303: =O2303*H2303 -> 0
A2304: 7 | I2304: =O2304+L2304 -> 0 | J2304: =I2304*H2304 -> 0 | M2304: =L2304*H2304 -> 0 | P2304: =O2304*H2304 -> 0
A2305: 8 | I2305: =O2305+L2305 -> 0 | J2305: =I2305*H2305 -> 0 | M2305: =L2305*H2305 -> 0 | P2305: =O2305*H2305 -> 0
A2306: 9 | I2306: =O2306+L2306 -> 0 | J2306: =I2306*H2306 -> 0 | M2306: =L2306*H2306 -> 0 | P2306: =O2306*H2306 -> 0
A2307: 10 | I2307: =O2307+L2307 -> 0 | J2307: =I2307*H2307 -> 0 | M2307: =L2307*H2307 -> 0 | P2307: =O2307*H2307 -> 0
...

Sheet Alimento para animales
A1: INSTRUCCIONES Por favor, indique en la columna "G" la cantidad de ALIMENTO/DIETA que requiera para el año 2027 (celdas azules). Por favor agregue los Alimentos/Dieta que vaya a utilizar y que no se encuentren en el listado (celdas amarillas), agregando todas las especificaciónes del producto.
A2: SIA | B2: Descripción de Alimento | C2: Proveedor | D2: Catálogo | E2: Presentación | F2: Precio Unitario | G2: Cantidad | H2: Importe | I2: Investigador responsable | J2: Laboratorio
H3: =G3*F3 -> 0 | I3: Por favor, use mayúsculas y minúsculas | J3: Por favor, use mayúsculas y minúsculas
G4: TOTAL | H4: =SUM(H3:H3) -> 0
F6: Agregue Precio cotizado o calculado | G6: Agregue Cantidad
A7: 1 | B7: Agregue Alimento | C7: Agregue Marca | D7: Agregue Catálogo | E7: Agregue Presentación | F7: 0 | G7: 0 | H7: =+F7*G7 -> 0 | I7: Por favor, use mayúsculas y minúsculas | J7: Por favor, use mayúsculas y minúsculas
A8: 2 | B8: Agregue Alimento | C8: Agregue Marca | D8: Agregue Catálogo | E8: Agregue Presentación | F8: 0 | G8: 0 | H8: =+F8*G8 -> 0 | I8: Por favor, use mayúsculas y minúsculas | J8: Por favor, use mayúsculas y minúsculas
A9: 3 | B9: Agregue Alimento | C9: Agregue Marca | D9: Agregue Catálogo | E9: Agregue Presentación | F9: 0 | G9: 0 | H9: =+F9*G9 -> 0 | I9: Por favor, use mayúsculas y minúsculas | J9: Por favor, use mayúsculas y minúsculas
A10: 4 | B10: Agregue Alimento | C10: Agregue Marca | D10: Agregue Catálogo | E10: Agregue Presentación | F10: 0 | G10: 0 | H10: =+F10*G10 -> 0 | I10: Por favor, use mayúsculas y minúsculas | J10: Por favor, use mayúsculas y minúsculas
A11: 5 | B11: Agregue Alimento | C11: Agregue Marca | D11: Agregue Catálogo | E11: Agregue Presentación | F11: 0 | G11: 0 | H11: =+F11*G11 -> 0 | I11: Por favor, use mayúsculas y minúsculas | J11: Por favor, use mayúsculas y minúsculas
A12: 6 | B12: Agregue Alimento | C12: Agregue Marca | D12: Agregue Catálogo | E12: Agregue Presentación | F12: 0 | G12: 0 | H12: =+F12*G12 -> 0 | I12: Por favor, use mayúsculas y minúsculas | J12: Por favor, use mayúsculas y minúsculas
A13: 7 | B13: Agregue Alimento | C13: Agregue Marca | D13: Agregue Catálogo | E13: Agregue Presentación | F13: 0 | G13: 0 | H13: =+F13*G13 -> 0 | I13: Por favor, use mayúsculas y minúsculas | J13: Por favor, use mayúsculas y minúsculas
A14: 8 | B14: Agregue Alimento | C14: Agregue Marca | D14: Agregue Catálogo | E14: Agregue Presentación | F14: 0 | G14: 0 | H14: =+F14*G14 -> 0 | I14: Por favor, use mayúsculas y minúsculas | J14: Por favor, use mayúsculas y minúsculas
A15: 9 | B15: Agregue Alimento | C15: Agregue Marca | D15: Agregue Catálogo | E15: Agregue Presentación | F15: 0 | G15: 0 | H15: =+F15*G15 -> 0 | I15: Por favor, use mayúsculas y minúsculas | J15: Por favor, use mayúsculas y minúsculas
A16: 10 | B16: Agregue Alimento | C16: Agregue Marca | D16: Agregue Catálogo | E16: Agregue Presentación | F16: 0 | G16: 0 | H16: =+F16*G16 -> 0 | I16: Por favor, use mayúsculas y minúsculas | J16: Por favor, use mayúsculas y minúsculas
A17: 11 | B17: Agregue Alimento | C17: Agregue Marca | D17: Agregue Catálogo | E17: Agregue Presentación | F17: 0 | G17: 0 | H17: =+F17*G17 -> 0 | I17: Por favor, use mayúsculas y minúsculas | J17: Por favor, use mayúsculas y minúsculas
A18: 12 | B18: Agregue Alimento | C18: Agregue Marca | D18: Agregue Catálogo | E18: Agregue Presentación | F18: 0 | G18: 0 | H18: =+F18*G18 -> 0 | I18: Por favor, use mayúsculas y minúsculas | J18: Por favor, use mayúsculas y minúsculas
... A21: 15 | B21: Agregue Alimento | C21: Agregue Marca | D21: Agregue Catálogo | E21: Agregue Presentación | F21: 0 | G21: 0 | H21: =+F21*G21 -> 0 | I21: Por favor, use mayúsculas y minúsculas | J21: Por favor, use mayúsculas y minúsculas
G22: TOTAL | H22: =SUM(H7:H21) -> 0
F24: GRAN TOTAL | H24: =+H4+H22 -> 0

Sheet Pruebas lab y consultas médicas
A1: INSTRUCCIONES Por favor, indique en la columna "E" el costo unitario de la Prueba/Consulta a efectuar. En la columna "F" indique la cantidad de PRUEBAS DE LABORATORIO/CONSULTAS/GABINETE que requiera para el año 2027 (celdas azules). En las celdas amarillas agregue todas las especificaciónes del producto a solicitar.
A2: No. | B2: Descripción de la Prueba/Consulta/Gabinete | C2: Laboratorio clínico del INP | D2: Catálogo | E2: Precio Unitario | F2: Cantidad | G2: Importe
A3: 1 | B3: Agregue Prueba de Lab/Consulta Médica/Gabinete | C3: Agregue Lab | D3: Agregue Catálogo | E3: 0 | F3: 0 | G3: =+E3*F3 -> 0
A4: 2 | B4: Agregue Prueba de Lab/Consulta Médica/Gabinete | C4: Agregue Lab | D4: Agregue Catálogo | E4: 0 | F4: 0 | G4: =+E4*F4 -> 0
A5: 3 | B5: Agregue Prueba de Lab/Consulta Médica/Gabinete | C5: Agregue Lab | D5: Agregue Catálogo | E5: 0 | F5: 0 | G5: =+E5*F5 -> 0
A6: 4 | B6: Agregue Prueba de Lab/Consulta Médica/Gabinete | C6: Agregue Lab | D6: Agregue Catálogo | E6: 0 | F6: 0 | G6: =+E6*F6 -> 0
A7: 5 | B7: Agregue Prueba de Lab/Consulta Médica/Gabinete | C7: Agregue Lab | D7: Agregue Catálogo | E7: 0 | F7: 0 | G7: =+E7*F7 -> 0
A8: 6 | B8: Agregue Prueba de Lab/Consulta Médica/Gabinete | C8: Agregue Lab | D8: Agregue Catálogo | E8: 0 | F8: 0 | G8: =+E8*F8 -> 0
A9: 7 | B9: Agregue Prueba de Lab/Consulta Médica/Gabinete | C9: Agregue Lab | D9: Agregue Catálogo | E9: 0 | F9: 0 | G9: =+E9*F9 -> 0
A10: 8 | B10: Agregue Prueba de Lab/Consulta Médica/Gabinete | C10: Agregue Lab | D10: Agregue Catálogo | E10: 0 | F10: 0 | G10: =+E10*F10 -> 0
A11: 9 | B11: Agregue Prueba de Lab/Consulta Médica/Gabinete | C11: Agregue Lab | D11: Agregue Catálogo | E11: 0 | F11: 0 | G11: =+E11*F11 -> 0
A12: 10 | B12: Agregue Prueba de Lab/Consulta Médica/Gabinete | C12: Agregue Lab | D12: Agregue Catálogo | E12: 0 | F12: 0 | G12: =+E12*F12 -> 0
A13: 11 | B13: Agregue Prueba de Lab/Consulta Médica/Gabinete | C13: Agregue Lab | D13: Agregue Catálogo | E13: 0 | F13: 0 | G13: =+E13*F13 -> 0
A14: 12 | B14: Agregue Prueba de Lab/Consulta Médica/Gabinete | C14: Agregue Lab | D14: Agregue Catálogo | E14: 0 | F14: 0 | G14: =+E14*F14 -> 0
... A22: 20 | B22: Agregue Prueba de Lab/Consulta Médica/Gabinete | C22: Agregue Lab | D22: Agregue Catálogo | E22: 0 | F22: 0 | G22: =+E22*F22 -> 0
F23: TOTAL | G23: =SUM(G3:G22) -> 0

Sheet Servicios generales
A1: INSTRUCCIONES 1) Escriba el nombre del Laboratorio y el nombre del Jefe del Laboratorio (celdas azules). 3) Introduzca la cantidad precisa o ESTIMADA de los servicios generales (capítulo 3000) que proyecta emplear durante el 2027 para TODO el personal de su Laboratorio (celdas moradas). 4) Si requiere un Servicio General y éste no está contemplado en el listado, por favor agréguelo y especifíque el nombre del servicio (celdas naranjas). Use la columna "Detalle del servicio" para describir las características del Servicio General solicitado (celdas azules).
A2: Nombre del Laboratorio/Área: | C2: Por favor, use mayúsculas y minúsculas
A3: Nombre del Jefe del Lab/Área: | C3: Por favor, use mayúsculas y minúsculas
A5: Servicio | B5: Enero | C5: Febrero | D5: Marzo | E5: Abril | F5: Mayo | G5: Junio | H5: Julio | I5: Agosto | J5: Septiembre | K5: Octubre | L5: Noviembre | M5: Total | N5: Detalle del servicio
A6: Corrección de estilo de manuscritos a publicar | B6: 0 | C6: 0 | D6: 0 | E6: 0 | F6: 0 | G6: 0 | H6: 0 | I6: 0 | J6: 0 | K6: 0 | L6: 0 | M6: =SUM(B6:L6) -> 0
A7: Traducciones | B7: 0 | C7: 0 | D7: 0 | E7: 0 | F7: 0 | G7: 0 | H7: 0 | I7: 0 | J7: 0 | K7: 0 | L7: 0 | M7: =SUM(F7:L7) -> 0
A8: Pago publicaciones | B8: 0 | C8: 0 | D8: 0 | E8: 0 | F8: 0 | G8: 0 | H8: 0 | I8: 0 | J8: 0 | K8: 0 | L8: 0 | M8: =SUM(B8:L8) -> 0
A9: Secuenciación | B9: 0 | C9: 0 | D9: 0 | E9: 0 | F9: 0 | G9: 0 | H9: 0 | I9: 0 | J9: 0 | K9: 0 | L9: 0 | M9: =SUM(B9:L9) -> 0
A10: Microarreglos | B10: 0 | C10: 0 | D10: 0 | E10: 0 | F10: 0 | G10: 0 | H10: 0 | I10: 0 | J10: 0 | K10: 0 | L10: 0 | M10: =SUM(B10:L10) -> 0
A11: Otro (especifíque) | B11: 0 | C11: 0 | D11: 0 | E11: 0 | F11: 0 | G11: 0 | H11: 0 | I11: 0 | J11: 0 | K11: 0 | L11: 0 | M11: =SUM(B11:L11) -> 0
A12: Otro (especifíque) | B12: 0 | C12: 0 | D12: 0 | E12: 0 | F12: 0 | G12: 0 | H12: 0 | I12: 0 | J12: 0 | K12: 0 | L12: 0 | M12: =SUM(B12:L12) -> 0
A13: Otro (especifíque) | B13: 0 | C13: 0 | D13: 0 | E13: 0 | F13: 0 | G13: 0 | H13: 0 | I13: 0 | J13: 0 | K13: 0 | L13: 0 | M13: =SUM(B13:L13) -> 0
A14: Otro (especifíque) | B14: 0 | C14: 0 | D14: 0 | E14: 0 | F14: 0 | G14: 0 | H14: 0 | I14: 0 | J14: 0 | K14: 0 | L14: 0 | M14: =SUM(B14:L14) -> 0
A15: Otro (especifíque) | B15: 0 | C15: 0 | D15: 0 | E15: 0 | F15: 0 | G15: 0 | H15: 0 | I15: 0 | J15: 0 | K15: 0 | L15: 0 | M15: =SUM(B15:L15) -> 0
A16: Otro (especifíque) | B16: 0 | C16: 0 | D16: 0 | E16: 0 | F16: 0 | G16: 0 | H16: 0 | I16: 0 | J16: 0 | K16: 0 | L16: 0 | M16: =SUM(B16:L16) -> 0
A17: Total | B17: =SUM(B6:B16) -> 0 | C17: =SUM(C6:C16) -> 0 | D17: =SUM(D6:D16) -> 0 | E17: =SUM(E6:E16) -> 0 | F17: =SUM(F6:F16) -> 0 | G17: =SUM(G6:G16) -> 0 | H17: =SUM(H6:H16) -> 0 | I17: =SUM(I6:I16) -> 0 | ... M17: =SUM(M6:M16) -> 0

Sheet Justificación (SOLO categ A)
A1: N | B1: Número proyecto INP | C1: Título del proyecto | D1: Responsable Técnico | E1: Inicio de vigencia | F1: Fin de vigencia | G1: Porcentaje de avance | H1: Esatdo actual: En proceso, Terminado, Suspendido, Cancelado, Finalizado | I1: Justificación del presupuesto
A2: 1
A3: 2
A4: 3
A5: 4
A6: 5
A7: 6
A8: 7
A9: 8
A10: 9
A11: 10
A12: 11
A13: 12
... A18: 17
D20: JUAN LUIS CHÁVEZ PACHECO, RESPONSABLE DEL LABORATORIO | I20: COMPRA DE REACTIVOS E INSUMOS DE USO COMÚN EN EL LABORATORIO

Sheet Presupuesto global
A1: ANEXO 3. PRESUPUESTO SOLICITADO PARA 2027
A2: Favor de NO CONVERTIR este archivo a PDF ni a cualquier otro formato
A3: POR FAVOR, LLENE EXCLUSIVAMENTE LAS CELDAS EN COLOR AZUL
A4: Rubro | B4: Capítulo | C4: Monto en pesos mexicanos
C5: Solicitado en esta convocatoria | E5: Aportación de otra institución participante (colaboradores externos) | G5: Apoyo de financiadoras externas (CONACyT, Industria Farmacéutica, etc.) | J5: TOTAL | K5: JUSTIFICACIÓN (que se comprará en general y por qué se requieren estos insumos)
G6: Nombre institución donante 1 | H6: Nombre institución donante 2 | I6: Nombre institución donante 3
C7: 2027 | D7: * | E7: 2027 | F7: * | G7: * | H7: * | I7: *
A8: Materiales | B8: 2000 | C8: =Materiales!J847 -> 0 | J8: =SUM(C8:I8) -> 0
A9: Reactivos | B9: 2000 | C9: =Reactivos!J2399 -> 0 | J9: =SUM(C9:I9) -> 0
A10: Alimento para animales de experimentación | B10: 2000 | C10: ='Alimento para animales'!H24 -> 0 | J10: =SUM(C10:I10) -> 0
A11: Pruebas de laboratorio, consulta médica | B11: 2000 | C11: ='Pruebas lab y consultas médicas'!G23 -> 0 | J11: =SUM(C11:I11) -> 0
A12: Servicios generales (llenar hoja "Servicios Generales") | B12: 3000 | C12: ='Servicios generales'!M17 -> 0 | J12: =SUM(C12:I12) -> 0
A13: TOTAL ==> | C13: =SUM(C8:C12) -> 0 | D13: =SUM(D8:D12) -> 0 | E13: =SUM(E8:E12) -> 0 | F13: =SUM(F8:F12) -> 0 | G13: =SUM(G8:G12) -> 0 | H13: =SUM(H8:H12) -> 0 | I13: =SUM(I8:I12) -> 0 | J13: =SUM(J8:J12) -> 0
D14: *Estas columnas sólo podrán ser llenadas para aquellos proyectos de investigación (Categoría B) que soliciten apoyo para DOS años
A16: Finalmente grabe el nombre del archivo empezando con Ps, espacio, Nombre Completo del Laboratorio, espacio, 2027; Ejemplo: Ps Embriología Experimental 2027.xlsx
